Map: Croisement de Kairos EC

Players

HiveFive - Winner!

  • Race: Zerg Zerg
  • League: Diamond
  • Spawn Location: 11:00

Sorandom

  • Race: Zerg Zerg
  • League: Diamond
  • Spawn Location: 5:00

VOD

Have the link to the VOD?

Description

Time

  • Played on: April 8, 2019, 5:21 p.m.
  • Length: 9:11
Show
View Real Time Build Order
Export as new Build Order

HiveFive Zerg - Winner!

Build Orders: Hatch First 

Get SALT Encoding   

  12  0:01  Drone  
  13  0:12  Overlord  
  13  0:18  Drone  
  14  0:31  Drone x2  
  17  0:35  Drone  
  17  0:53  Hatchery  
  17  0:56  Drone  
  17  0:58  Drone  
  18  1:11  Extractor  
  17  1:14  Spawning Pool  
  17  1:17  Drone  
  17  1:20  Drone  
  18  1:28  Drone  
  19  2:01  Queen  
  19  2:04  Zergling x2  
  19  2:05  Zergling x4  
  19  2:06  Queen  
  26  2:08  Overlord  
  26  2:16  Metabolic Boost  
  26  2:26  Drone x2  
  28  2:37  Baneling Nest  
  27  2:46  Zergling x2  
  27  2:47  Zergling x6  
  31  2:58  Hatchery  
  30  3:01  Overlord  
  30  3:04  Drone x2  
  32  3:10  Drone x2  
  34  3:13  Drone  
  34  3:18  Overlord  
  35  3:23  Baneling  
  35  3:24  Baneling  
  35  3:28  Zergling x4  
  37  3:34  Queen  
  37  3:37  Zergling x2  
  40  3:47  Drone x4  
  43  3:51  Drone x2  
  45  3:59  Lair  
  45  4:05  Drone  
  45  4:06  Drone x2  
  48  4:15  Drone x3  
  48  4:16  Drone x2  
  53  4:17  Drone  
  54  4:26  Drone x3  
  57  4:35  Overlord  
  57  4:43  Roach Warren  
  57  4:44  Evolution Chamber  
  55  4:45  Overlord  
  55  4:46  Extractor  
  55  4:47  Extractor  
  53  4:54  Overlord x2  
  53  5:00  Drone  
  53  5:01  Drone x3  
  57  5:10  Zerg Missile Weapons Level 1  
  57  5:12  Overlord x2  
  57  5:16  Extractor  
  57  5:17  Overlord  
  57  5:18  Overlord x2  
  56  5:27  Roach x6  
  68  5:47  Glial Reconstitution  
  68  5:49  Overlord x2  
  68  5:51  Overseer  
  68  5:56  Drone  
  68  5:57  Drone x3  
  72  6:07  Roach x8  
  88  6:16  Burrow  
  88  6:20  Overseer  
  88  6:34  Roach x6  
  88  6:37  Overlord x2  
  99  6:49  Roach x7  
  113  6:56  Drone x2  
  115  7:12  Roach x7  
  129  7:19  Extractor, Overlord x2  
  129  7:20  Extractor  
  127  7:37  Roach x4  
  135  7:49  Roach x5  
  135  7:50  Roach x5  
  148  8:03  Overlord x2  
  148  8:05  Drone x2  
  150  8:12  Overlord  
  150  8:13  Overlord  
  150  8:15  Drone x4  
  150  8:17  Drone  
  153  8:29  Ravager  
  153  8:31  Ravager  
  153  8:32  Ravager  
  153  8:33  Ravager  
  157  8:45  Overlord x2  
Show
View Real Time Build Order
Export as new Build Order

Sorandom Zerg 

Build Orders: Pool First 

Get SALT Encoding   

  12  0:04  Drone  
  13  0:14  Overlord  
  13  0:17  Drone  
  14  0:32  Drone x2  
  16  0:37  Drone  
  17  0:45  Spawning Pool  
  17  0:49  Drone  
  17  1:10  Hatchery  
  16  1:13  Drone  
  16  1:16  Extractor  
  16  1:24  Drone  
  17  1:32  Zergling x4  
  19  1:35  Queen  
  21  1:49  Roach Warren  
  21  1:50  Drone  
  21  1:59  Drone  
  22  2:21  Overlord, Queen  
  22  2:22  Overlord  
  26  2:30  Roach  
  26  2:35  Drone x2  
  28  2:41  Drone  
  29  2:50  Drone x3  
  32  2:55  Roach  
  34  3:03  Lair  
  34  3:08  Roach  
  36  3:16  Spine Crawler  
  35  3:22  Evolution Chamber  
  35  3:24  Roach  
  36  3:29  Evolution Chamber  
  36  3:33  Drone x2  
  37  3:39  Drone x2  
  39  3:48  Roach x2  
  43  3:53  Drone  
  44  3:56  Overlord  
  44  4:06  Spine Crawler  
  44  4:08  Drone  
  44  4:15  Zerg Ground Armor Level 1  
  44  4:20  Roach  
  44  4:23  Drone x3  
  49  4:32  Drone  
  49  4:33  Drone x2  
  49  4:34  Overlord  
  52  4:39  Overlord  
  52  4:46  Overlord  
  52  4:52  Extractor, Drone x3  
  54  4:54  Drone  
  54  4:57  Glial Reconstitution  
  55  5:06  Roach  
  57  5:07  Drone x3  
  57  5:13  Drone x4  
  64  5:23  Roach x2  
  64  5:27  Extractor  
  67  5:31  Roach  
  67  5:33  Roach x2  
  73  5:37  Roach  
  73  5:38  Overlord  
  75  5:47  Overlord x2  
  75  5:48  Overlord x2  
  75  5:56  Roach x2  
  79  5:58  Roach  
  79  6:03  Roach  
  83  6:06  Zerg Missile Weapons Level 1  
  83  6:09  Roach  
  85  6:15  Roach x2  
  89  6:21  Roach  
  89  6:22  Roach  
  93  6:42  Roach x6  
  105  6:49  Roach x3  
  111  6:57  Roach x2  
  115  7:17  Queen  
  115  7:18  Hatchery  
  116  7:24  Overlord x5  
  116  7:41  Queen  
  118  7:53  Roach x2  
  110  8:02  Roach x2  
  110  8:03  Roach x3  
  110  8:12  Roach  
  110  8:18  Roach  
  110  8:19  Roach  
  110  8:22  Queen  
  110  8:23  Queen  
  110  8:24  Roach  
  116  8:31  Roach x2  
  120  8:36  Roach  
  120  8:41  Roach x5  
  132  8:50  Roach x3  
  132  8:51  Roach  
Tags
 
Add a new tag
Caveats
  • Supply blocks, unpowered buildings, or Contaminate may cause inaccurate times.
  • Supply counts are checked every 10 seconds.